 Dungeon Crawl Stone Soup version 0.23.1 (webtiles) character file.

Game seed: 78945415152311808

10721 Xenon25 the Grappler (level 11, -25/102 HPs)
             Began as a Troll Berserker on Mar 13, 2019.
             Was an Elder of Trog.
             Hit by a large rock thrown by a cyclops (29 damage)
             ... on level 2 of the Orcish Mines.
             The game lasted 00:22:57 (7679 turns).

Xenon25 the Grappler (Troll Berserker)              Turns: 7679, Time: 00:22:58

Health: -25/102    AC:  6    Str: 30    XL:     11   Next: 39%
Magic:  10/10      EV: 13    Int:  3    God:    Trog [****..]
Gold:   717        SH:  0    Dex: 12    Spells: 10/10 levels left

rFire    . . .     SeeInvis .     - Unarmed
rCold    . . .     Gourm    +   (no shield)
rNeg     . . .     Faith    .   C - +0 robe
rPois    .         Spirit   .   (helmet restricted)
rElec    .         Reflect  .   (no cloak)
rCorr    .         Harm     .   (gloves unavailable)
MR       .....                  (boots unavailable)
Stlth    ++........             (no amulet)
HPRegen  0.67/turn              f - +3 ring of dexterity
MPRegen  0.12/turn              (no ring)

@: berserk cooldown, slowed, very slow
A: large, unfitting armour, claws 3, fast metabolism 3, gourmand, regeneration
1, shaggy fur 1, tough skin 3
a: Berserk, Trog's Hand, Brothers in Arms, Renounce Religion


You were on level 2 of the Orcish Mines.
You worshipped Trog.
Trog was greatly pleased with you.
You were full.

You visited 2 branches of the dungeon, and saw 11 of its levels.
You also visited: Ossuary.

You collected 1251 gold pieces.
You spent 534 gold pieces at shops.

Inventory:

Armour
 a - a +0 animal skin
 C - a +0 robe (worn)
Jewellery
 f - a +3 ring of dexterity (left claw)
 G - an uncursed ring of teleportation
Wands
 j - a wand of random effects (19)
 o - a wand of flame (19)
 u - a wand of acid (7)
 v - a wand of iceblast (8)
Scrolls
 c - 8 scrolls of remove curse
 g - a scroll of blinking
 h - 2 scrolls of enchant armour
 k - 2 scrolls of teleportation
 p - a scroll of amnesia {unknown}
 q - a scroll of magic mapping {unknown}
 x - a scroll of brand weapon {unknown}
 y - a scroll of noise {unknown}
 A - a scroll of silence {unknown}
 E - a scroll of identify
Potions
 d - a potion of lignification {unknown}
 e - 4 potions of heal wounds
 i - 2 potions of flight {unknown}
 l - 3 potions of haste {unknown}
 m - 2 potions of curing
 n - a potion of resistance {unknown}
 r - 13 potions of degeneration
 s - 2 potions of magic {unknown}
 t - 2 potions of might {unknown}
 z - a potion of brilliance {unknown}
 B - a potion of ambrosia {unknown}
 F - a potion of mutation {unknown}
Comestibles
 b - 20 rations


   Skills:
 + Level 5.0 Fighting
 + Level 7.6 Dodging
 + Level 2.4 Stealth
 + Level 14.1 Unarmed Combat


You had 10 spell levels left.
You didn't know any spells.
Your spell library was empty.

Dungeon Overview and Level Annotations

Branches:
Dungeon (9/15)             Temple (0/1) D:5            Lair (0/6) D:8
    Orc (2/2) D:9
    Elf: Orc:2

Altars:
Elyvilon
Fedhas
Gozag
Kikubaaqudgha
Makhleb
Nemelex Xobeh
Okawaru
Ru
Sif Muna
Xom
Zin

Shops:
D:6 %   Orc:1 (?(*   Orc:2 !

Portals:
Ice
Cave: Orc:2

Annotations:
Orc:2 1 runed translucent door, skk's ghost, adept DsFi


Innate Abilities, Weirdness & Mutations

You are too large for most types of armour.
You have claws for hands.
Your metabolism is lightning-fast.
You like to eat raw meat.
Your natural rate of healing is unusually fast.
You are covered in fur. (AC +1)
You have extremely tough skin. (AC +3)


Message History

As you read the scroll of teleportation, it crumbles to dust.
You feel strangely unstable.
An orc sorcerer comes into view.
It is wielding a +0 dagger and wearing a +2 robe of cold resistance.
The ogre barely misses you.
An ogre comes into view. It is wielding a +0 giant club.
The troll bites you.
* * * LOW HITPOINT WARNING * * *
The troll barely misses you. The troll misses you.
The ogre hits you with a +0 giant spiked club.
* * * LOW HITPOINT WARNING * * *
The two-headed ogre hits you with a +0 giant club!
* * * LOW HITPOINT WARNING * * *
The two-headed ogre hits you with a +0 giant club!
* * * LOW HITPOINT WARNING * * *
Found 28 gold pieces.
Your surroundings suddenly seem different.
A two-headed ogre comes into view. It is wielding two +0 giant clubs.
An ogre comes into view. It is wielding a +0 giant club.
The cyclops throws a large rock.
The large rock hits you!!
You die...

###)†)).... #.##
#........
####...####.......
#.#.....# ##.T....
........# #.......
#......#$..#.O....
#.....O ..........
##...#.............
#.@....O.......#...
#..................
.........$..........
...o..o......
........
#....##o.......
....... ##...
##....C.. .....# ###
....... .....
...O... .O. ..


You could see 2 two-headed ogres, a cyclops, an orc warrior (sleeping), an ogre
(wandering), an orc priest (sleeping) and an orc (sleeping).

Vanquished Creatures
  3 two-headed ogres
  An ogre mage (Orc:2)
  The ghost of EtherCrawl the Grappler, a novice TrBe of Trog (D:6)
  3 orc knights
  A cyclops (Orc:2)
  4 trolls
  A hippogriff (D:8)
  A hungry ghost (D:8)
  Menkaure (Ossuary)
  2 wargs
  A swamp drake (D:9)
  A sky beast (D:9)
  3 ice beasts
  2 necrophages (D:9)
  5 ogres
  12 orc warriors
  2 centaurs
  3 big kobolds
  4 bullfrogs
  3 killer bees (D:9)
  5 quasits
  2 crimson imps
  5 hounds
  4 jellies
  5 orc priests
  6 iguanas
  Jessica (D:3)
  8 orc wizards
  7 worker ants
  2 hound skeletons
  4 mummies
  A worker ant zombie (D:5)
  6 adders
  A shadow imp (D:8)
  2 oozes
  An adder skeleton (D:9)
  4 worms
  11 leopard geckos
  57 orcs
  5 giant cockroaches
  5 gnoll zombies (Ossuary)
  3 goblins
  6 hobgoblins
  7 jackals
  A quokka (D:9)
  6 bats
  2 frilled lizards
  3 gnoll skeletons (Ossuary)
  5 goblin skeletons (Ossuary)
  2 goblin zombies (Ossuary)
  4 hobgoblin skeletons (Ossuary)
  4 hobgoblin zombies (Ossuary)
  15 kobolds
  3 kobold skeletons (Ossuary)
  6 kobold zombies
  2 orc skeletons (Ossuary)
  4 orc zombies
  6 rats
  6 rat skeletons (Ossuary)
  4 rat zombies (Ossuary)
285 creatures vanquished.

Vanquished Creatures (others)
  A quokka (D:3)
  A goblin skeleton (Ossuary)
  A goblin zombie (Ossuary)
  A hobgoblin skeleton (Ossuary)
  A kobold (D:3)
  A kobold zombie (Ossuary)
6 creatures vanquished.

Grand Total: 291 creatures vanquished

Notes
Turn   | Place    | Note
-------+----------+-------------------------------------------
     0 | D:1      | Xenon25 the Troll Berserker began the quest for the Orb.
     0 | D:1      | Reached XP level 1. HP: 22/22 MP: 0/0
   162 | D:1      | Reached XP level 2. HP: 24/29 MP: 1/1
   948 | D:2      | Reached XP level 3. HP: 25/36 MP: 2/2
  1164 | D:2      | Reached ** piety under Trog
  1426 | D:3      | Reached XP level 4. HP: 43/45 MP: 3/3
  1478 | D:3      | Noticed Jessica
  1496 | D:3      | Killed Jessica
  1497 | D:3      | Found a deep blue altar of Sif Muna.
  1598 | D:3      | Reached skill level 4 in Unarmed Combat
  1683 | D:3      | Reached XP level 5. HP: 53/53 MP: 4/4
  1796 | D:3      | Found a shimmering altar of Xom.
  2037 | D:3      | Found a white marble altar of Elyvilon.
  2344 | D:4      | Got a pitted leather armour
  2467 | D:4      | Reached skill level 5 in Unarmed Combat
  2586 | D:5      | Entered Level 5 of the Dungeon
  2590 | D:5      | Reached XP level 6. HP: 58/61 MP: 5/5
  2630 | D:5      | Found a blossoming altar of Fedhas.
  2705 | D:5      | Noticed an ice beast
  2712 | D:5      | Killed an ice beast
  2712 | D:5      | Reached skill level 1 in Stealth
  2718 | D:5      | Reached *** piety under Trog
  2718 | D:5      | Reached skill level 6 in Unarmed Combat
  2718 | D:5      | Reached XP level 7. HP: 67/67 MP: 6/6
  2749 | D:5      | Found a staircase to the Ecumenical Temple.
  2775 | D:5      | Found a burning altar of Makhleb.
  2775 | D:5      | Found a glowing silver altar of Zin.
  2776 | D:5      | Found an iron altar of Okawaru.
  2776 | D:5      | Found a sacrificial altar of Ru.
  2784 | D:5      | Found an ancient bone altar of Kikubaaqudgha.
  2874 | D:5      | Found a sand-covered staircase.
  2880 | Ossuary  | Entered an ossuary
  3185 | Ossuary  | Reached **** piety under Trog
  3187 | Ossuary  | Noticed Menkaure
  3200 | Ossuary  | Killed Menkaure
  3200 | Ossuary  | Reached skill level 7 in Unarmed Combat
  3647 | D:6      | Reached skill level 8 in Unarmed Combat
  3647 | D:6      | Reached XP level 8. HP: 10/75 MP: 7/7
  3710 | D:6      | Found a transporter.
  3715 | D:6      | Noticed EtherCrawl's ghost (novice TrBe)
  3717 | D:6      | Found Nub Udyl's Food Emporium.
  3779 | D:6      | Bought a ration for 50 gold pieces
  3779 | D:6      | Bought a ration for 50 gold pieces
  3779 | D:6      | Bought a ration for 50 gold pieces
  3779 | D:6      | Bought a ration for 50 gold pieces
  3779 | D:6      | Bought a ration for 50 gold pieces
  3854 | D:6      | Found a transporter.
  4004 | D:6      | Killed EtherCrawl's ghost
  4004 | D:6      | Reached skill level 9 in Unarmed Combat
  4011 | D:6      | Reached skill level 5 in Dodging
  4322 | D:7      | Reached XP level 9. HP: 81/83 MP: 8/8
  4461 | D:7      | Reached skill level 10 in Unarmed Combat
  4632 | D:8      | Found a staircase to the Lair.
  4702 | D:8      | Noticed a troll
  4710 | D:8      | Killed a troll
  5173 | D:8      | Reached skill level 11 in Unarmed Combat
  5226 | D:8      | Found a sparkling altar of Nemelex Xobeh.
  5226 | D:8      | Found an opulent altar of Gozag.
  5422 | D:9      | Noticed a two-headed ogre
  5432 | D:9      | Killed a two-headed ogre
  5540 | D:9      | Reached XP level 10. HP: 61/92 MP: 9/9
  5709 | D:9      | Reached skill level 12 in Unarmed Combat
  6092 | D:9      | Found a burning altar of Makhleb.
  6172 | D:9      | Found a staircase to the Orcish Mines.
  6564 | Orc:1    | Entered Level 1 of the Orcish Mines
  6598 | Orc:1    | Found Tyfuwyh's Weapon Boutique.
  6703 | Orc:1    | Noticed an orc knight
  6735 | Orc:1    | Noticed an orc knight
  6791 | Orc:1    | Killed an orc knight
  6804 | Orc:1    | Killed an orc knight
  6804 | Orc:1    | Reached skill level 13 in Unarmed Combat
  6870 | Orc:1    | Found Duduopel's Magic Scroll Shoppe.
  6874 | Orc:1    | Found Qus Utwo's Antique Weapon Shop.
  6897 | Orc:1    | Bought a scroll of teleportation for 48 gold pieces
  6897 | Orc:1    | Bought a scroll of enchant armour for 120 gold pieces
  6897 | Orc:1    | Bought a scroll of identify for 32 gold pieces
  7109 | Orc:1    | Found Olea's Assorted Antiques.
  7123 | Orc:1    | Bought a scroll of teleportation for 84 gold pieces
  7396 | Orc:2    | Entered Level 2 of the Orcish Mines
  7400 | Orc:2    | Noticed an orc knight
  7410 | Orc:2    | Killed an orc knight
  7412 | Orc:2    | Reached XP level 11. HP: 100/100 MP: 10/10
  7500 | Orc:2    | Found a runed translucent door.
  7502 | Orc:2    | Noticed skk's ghost (adept DsFi)
  7508 | Orc:2    | Found a frozen archway.
  7517 | Orc:2    | Found Joum's Distillery.
  7517 | Orc:2    | Noticed a two-headed ogre
  7535 | Orc:2    | Noticed a two-headed ogre
  7562 | Orc:2    | Noticed a two-headed ogre
  7562 | Orc:2    | Noticed an ogre mage
  7566 | Orc:2    | Killed a two-headed ogre
  7651 | Orc:2    | Killed an ogre mage
  7658 | Orc:2    | Reached skill level 14 in Unarmed Combat
  7660 | Orc:2    | Killed a two-headed ogre
  7660 | Orc:2    | Reached skill level 5 in Fighting
  7667 | Orc:2    | Noticed a two-headed ogre
  7668 | Orc:2    | Noticed a two-headed ogre
  7674 | Orc:2    | Noticed a two-headed ogre
  7676 | Orc:2    | Noticed an orc sorcerer
  7678 | Orc:2    | HP: 3/102 [two-headed ogre/+0 giant club (12)]
  7679 | Orc:2    | Noticed a two-headed ogre
  7679 | Orc:2    | Hit by a large rock thrown by a cyclops

Skill      XL: |  1  2  3  4  5  6  7  8  9 10 11 |
---------------+----------------------------------+-----
Dodging        | 3 4 5 6 7 |  7.6
Fighting       | 3 4 5 |  5.0
Unarmed Combat | 4 5 6 8 9 11 13 14 | 14.1
Stealth        | 1 2 |  2.4

Action                   |  1- 3 |  4- 6 |  7- 9 | 10-12 || total
-------------------------+-------+-------+-------+-------++-------
Melee: Unarmed           |    89 |   124 |   275 |   238 ||   726
       Punch             |     2 |       |     8 |    17 ||    27
Invok: Trog's Hand       |       |     2 |     7 |    10 ||    19
       Berserk           |       |     1 |     5 |     9 ||    15
  Use: Scroll            |       |       |     7 |     8 ||    15
       Potion            |       |       |       |     3 ||     3
 Stab: Sleeping          |     2 |     1 |     1 |     1 ||     5
       Confused          |       |       |       |     1 ||     1
  Eat: Chunk             |    10 |    14 |    29 |    29 ||    82
       Ration            |     1 |       |     3 |       ||     4
Armor: Animal skin       |    28 |    50 |    69 |       ||   147
       Robe              |       |       |    18 |    43 ||    61
Dodge: Dodged            |    55 |    52 |   149 |   129 ||   385
